 Dungeon Crawl Stone Soup version 0.22.0 (webtiles) character file.

3844 Matezma the Grappler (level 9, 0/84 HPs)
             Began as a Troll Fighter on Oct 29, 2018.
             Was an Elder of Okawaru.
             Slain by Grum
             ... wielding a +0 spear of venom
              (7 damage)
             ... on level 8 of the Dungeon.
             The game lasted 00:22:44 (5350 turns).

Matezma the Grappler (Troll Fighter)                Turns: 5350, Time: 00:22:44

Health: 0/84       AC:  8    Str: 26    XL:     9   Next: 98%
Magic:  8/8        EV: 10    Int:  4    God:    Okawaru [****..]
Gold:   374        SH:  9    Dex: 12    Spells: 8/8 levels left

rFire    . . .     SeeInvis .     - Unarmed
rCold    . . .     Gourm    +   b - +0 shield
rNeg     . . .     Faith    .   a - +0 robe
rPois    .         Spirit   .   (helmet restricted)
rElec    .         Reflect  .   v - +2 cloak
rCorr    .         Harm     .   (gloves unavailable)
MR       .....                  (boots unavailable)
Stlth    +.........             (no amulet)
HPRegen  0.64/turn              (no ring)
MPRegen  0.11/turn              (no ring)

@: lethally poisoned (0 -> 0)
A: large, unfitting armour, claws 3, fast metabolism 3, gourmand, regeneration
1, shaggy fur 1, tough skin 2
a: Heroism, Renounce Religion


You were on level 8 of the Dungeon.
You worshipped Okawaru.
Okawaru was greatly pleased with you.
You were very full.

You visited 2 branches of the dungeon, and saw 9 of its levels.

You collected 374 gold pieces.

Inventory:

Missiles
 j - 377 stones (quivered)
Armour
 a - a +0 robe (worn)
 b - a +0 shield (worn)
 v - a +2 cloak (worn)
Jewellery
 e - a +3 ring of strength {unknown}
 A - an uncursed amulet of the acrobat {unknown}
Wands
 h - a wand of acid (10)
 p - a wand of digging (6)
 w - a wand of clouds (8)
Scrolls
 i - 3 scrolls of magic mapping
 k - a scroll of fear
 o - 2 scrolls of remove curse
 r - 3 scrolls of identify
 t - a scroll of teleportation
 x - a scroll of enchant armour {unknown}
 y - a scroll of amnesia
 B - a scroll of blinking
Potions
 c - 3 potions of might
 f - a potion of haste {unknown}
 g - 2 potions of flight
 l - 3 potions of degeneration {unknown}
 m - 3 potions of agility {unknown}
 n - 2 potions of cancellation {unknown}
 q - 2 potions of lignification {unknown}
 s - 2 potions of curing
 u - a potion of heal wounds
Comestibles
 d - 15 rations


   Skills:
 - Level 4.0 Fighting
 - Level 4.1 Dodging
 - Level 4.0 Shields
 * Level 12.5 Unarmed Combat


You had 8 spell levels left.
You didn't know any spells.
Your spell library was empty.

Dungeon Overview and Level Annotations

Branches:
Dungeon (8/15)             Temple (1/1) D:4
   Lair: D:8-11

Altars:
Ashenzari
Cheibriados
Elyvilon
Fedhas
Gozag
Hepliaklqana
Kikubaaqudgha
Makhleb
Nemelex Xobeh
Okawaru
Qazlal
Ru
Trog
Uskayaw
Vehumet
Wu Jian
Xom
Yredelemnul
Zin
The Shining One

Shops:
D:6 =

Annotations:
D:8 Grum


Innate Abilities, Weirdness & Mutations

You are too large for most types of armour.
You have claws for hands.
Your metabolism is lightning-fast.
You like to eat raw meat.
Your natural rate of healing is unusually fast.
You are covered in fur. (AC +1)
You have very tough skin. (AC +2)


Message History

Grum is lightly wounded.
Grum hits you but does no damage.
You barely miss Grum.
Grum is lightly wounded.
Grum barely misses you.
You mangle Grum!!
Grum is severely wounded.
Grum hits you with a spear of venom.
* * * LOW HITPOINT WARNING * * *
You are poisoned.
You barely miss Grum.
Grum is severely wounded.
You feel sick.
You barely miss Grum.
Grum is severely wounded.
You feel sick. Grum closely misses you.
You scratch Grum.
Grum is almost dead.
You feel sick. Grum hits you with a spear of venom!
You die...

#..............#
#..............#
#..............#
#..............#
#..............#
#..............#
#........#######
#$.......#
#....)@†.#
#.....g..#
#........#
#..........
#...........
#...........).
#.............
#.............


You could see Grum.

Vanquished Creatures
  Harold (D:7)
  Erica (D:8)
  Grinder (D:3)
  A hippogriff (D:7)
  Eustachio (D:5)
  Menkaure (D:6)
  Edmund (D:6)
  An ogre (D:7)
  3 phantoms
  2 wolves (D:8)
  A big kobold (D:7)
  2 scorpions
  5 killer bees (D:7)
  A howler monkey (D:5)
  3 crimson imps
  3 jellies
  A quasit (D:8)
  2 orc priests (D:5)
  Crazy Yiuf (D:3)
  4 hounds
  2 orc wizards
  2 centaur skeletons
  2 worker ants
  Terence (D:3)
  A hound skeleton (D:5)
  A howler monkey skeleton (D:6)
  A howler monkey zombie (D:5)
  4 gnolls (D:6)
  3 adders
  An adder skeleton (D:3)
  3 worms
  A dart slug (D:2)
  5 leopard geckos
  18 orcs
  4 giant cockroaches
  6 goblins
  3 hobgoblins
  7 jackals
  2 quokkas (D:2)
  A ball python (D:3)
  5 bats
  7 frilled lizards
  15 kobolds
  5 rats
136 creatures vanquished.

Notes
Turn   | Place    | Note
-------+----------+-------------------------------------------
     0 | D:1      | Matezma the Troll Fighter began the quest for the Orb.
     0 | D:1      | Reached XP level 1. HP: 22/22 MP: 0/0
   168 | D:1      | Reached XP level 2. HP: 29/29 MP: 1/1
   813 | D:2      | Found a bloodstained altar of Trog.
  1133 | D:2      | Reached XP level 3. HP: 36/36 MP: 2/2
  1287 | D:3      | Noticed Terence
  1295 | D:3      | Noticed Grinder
  1297 | D:3      | Killed Terence
  1333 | D:3      | Killed Grinder
  1333 | D:3      | Reached skill level 4 in Unarmed Combat
  1333 | D:3      | Reached XP level 4. HP: 28/45 MP: 3/3
  1333 | D:3      | Reached XP level 5. HP: 33/53 MP: 4/4
  1412 | D:3      | Found a sacrificial altar of Ru.
  1490 | D:3      | Reached XP level 6. HP: 61/61 MP: 5/5
  1762 | D:3      | Found a runed door.
  2247 | D:3      | Noticed Crazy Yiuf
  2258 | D:3      | Killed Crazy Yiuf
  2623 | D:4      | Reached XP level 7. HP: 59/67 MP: 6/6
  2650 | D:4      | Found a stormy altar of Qazlal.
  2651 | D:4      | Found a hide-covered altar of Uskayaw.
  2932 | D:4      | Found a staircase to the Ecumenical Temple.
  3046 | Temple   | Entered the Ecumenical Temple
  3082 | Temple   | Became a worshipper of Warmaster Okawaru
  3225 | D:5      | Entered Level 5 of the Dungeon
  3252 | D:5      | Reached skill level 5 in Unarmed Combat
  3252 | D:5      | Noticed Eustachio
  3326 | D:5      | Killed Eustachio
  3376 | D:5      | Found a snail-covered altar of Cheibriados.
  3412 | D:5      | Reached * piety under Okawaru
  3734 | D:6      | Found Gass's Jewellery Shoppe.
  3734 | D:6      | Noticed Edmund
  3740 | D:5      | Reached skill level 6 in Unarmed Combat
  3754 | D:6      | Killed Edmund
  3754 | D:6      | Reached XP level 8. HP: 57/78 MP: 7/7
  3822 | D:6      | Noticed Menkaure
  3834 | D:6      | Killed Menkaure
  3834 | D:6      | Reached skill level 7 in Unarmed Combat
  4124 | D:6      | Reached skill level 8 in Unarmed Combat
  4338 | D:7      | Reached ** piety under Okawaru
  4357 | D:7      | Reached skill level 9 in Unarmed Combat
  4431 | D:7      | Found a shattered altar of Ashenzari.
  4625 | D:7      | Noticed Harold
  4644 | D:7      | Killed Harold
  4644 | D:7      | Reached *** piety under Okawaru
  4644 | D:7      | Reached skill level 10 in Unarmed Combat
  4644 | D:7      | Reached XP level 9. HP: 7/84 MP: 8/8
  4675 | D:7      | Reached skill level 11 in Unarmed Combat
  5320 | D:8      | Noticed Erica
  5332 | D:8      | Killed Erica
  5332 | D:8      | Reached **** piety under Okawaru
  5332 | D:8      | Reached skill level 12 in Unarmed Combat
  5332 | D:8      | Noticed Grum
  5350 | D:8      | Slain by Grum

Skill      XL: |  1  2  3  4  5  6  7  8  9 |
---------------+----------------------------+-----
Fighting       | 3 4 |  4.0
Dodging        | 3 4 |  4.1
Shields        | 3 4 |  4.0
Unarmed Combat | 4 6 10 12 | 12.5

Action                   |  1- 3 |  4- 6 |  7- 9 || total
-------------------------+-------+-------+-------++-------
Melee: Unarmed           |    99 |   132 |   270 ||   501
Throw: Stone             |     2 |       |       ||     2
  Use: Scroll            |       |       |    13 ||    13
       Potion            |       |       |     3 ||     3
 Stab: Sleeping          |       |       |     1 ||     1
  Eat: Chunk             |     7 |    14 |    25 ||    46
       Ration            |     2 |       |       ||     2
Armor: Robe              |    34 |    28 |    83 ||   145
Dodge: Dodged            |    28 |    35 |   101 ||   164
Block: Shield            |    43 |    53 |   115 ||   211
